 Dungeon Crawl Stone Soup version 0.30-a0-341-g682706514a (webtiles) character file.

Game seed: 2274705540942977614

20035 LnG the Unseen (level 13, -4/70 HPs)
             Began as a Kobold Summoner on Nov 4, 2022.
             Was a Priest of Dithmenos.
             Slain by an efreet
             ... wielding a +2 scimitar of flaming
              (8 damage)
             ... on level 13 of the Dungeon.
             The game lasted 00:52:53 (13751 turns).

LnG the Unseen (Kobold Summoner)                   Turns: 13751, Time: 00:52:53

Health: -4/70      AC:  8    Str:  5    XL:     13   Next: 9%
Magic:  0/25       EV: 30    Int: 24    God:    Dithmenos [***...]
Gold:   103        SH:  0    Dex: 26    Spells: 15/28 levels left

rFire   . . .      SeeInvis .    H - +6 dagger of the World {freeze, rC+ Int+3 Dex+4}
rCold   + . .      Faith    .    (no shield)
rNeg    . . .      Spirit   +    a - +0 robe
rPois   .          Reflect  .    (no helmet)
rElec   +          Harm     .    k - +2 cloak
rCorr   .          Rampage  .    f - +1 pair of gloves
Will    .....                    F - +0 pair of boots Stlth **++++++++
                                 M - amulet of guardian spirit
HPRegen 0.31/turn                r - ring "Gumunt" {rElec EV+4}
MPRegen 0.19/turn                I - +6 ring of dexterity

@: about to teleport, marked, wreathed by umbra
A: small, no large weapons, nightstalker 3
a: Renounce Religion, Shadow Step


You were on level 13 of the Dungeon.
You worshipped Dithmenos.
Dithmenos was most pleased with you.
You visited 2 branches of the dungeon, and saw 14 of its levels.

You collected 889 gold pieces.
You spent 786 gold pieces at shops.

Inventory:

Hand Weapons
 B - a +1 short sword
 D - a +2 rapier of speed
 H - the +6 dagger of the World (weapon) {freeze, rC+ Int+3 Dex+4}
   (You found it on level 8 of the Dungeon)

   It freezes those it strikes, dealing additional cold damage.
   It can also slow down cold-blooded creatures.
   Int:       It affects your intelligence (+3).
   Dex:       It affects your dexterity (+4).
   rC:        It protects you from cold.
Armour
 a - a +0 robe (worn)
 f - a +1 pair of gloves (worn)
 k - a +2 cloak (worn)
 F - a +0 pair of boots (worn)
Jewellery
 g - a ring of protection from cold
 q - a ring of flight
 r - the ring "Gumunt" (left hand) {rElec EV+4}
   (You found it on level 2 of the Dungeon)

   [ring of evasion]

   EV:        It affects your evasion (+4).
   rElec:     It insulates you from electricity.
 I - a +6 ring of dexterity (right hand)
 M - an amulet of guardian spirit (around neck)
Wands
 u - a wand of digging (6)
 y - a wand of quicksilver (11)
 C - a wand of mindburst (15)
 K - a wand of charming (6)
 N - a wand of roots (6)
 O - a wand of polymorph (5)
Scrolls
 j - 2 scrolls of immolation
 m - 3 scrolls of fog
 o - 5 scrolls of poison
 s - 2 scrolls of amnesia
 E - 2 scrolls of noise
 G - a scroll of enchant weapon {unknown}
 J - a scroll of fear {unknown}
 L - a scroll of silence {unknown}
 P - a scroll of enchant armour {unknown}
Potions
 b - 4 potions of magic
 c - 2 potions of haste
 d - 6 potions of curing
 e - 2 potions of invisibility {unknown}
 h - 3 potions of brilliance
 i - 3 potions of mutation
 n - 2 potions of cancellation {unknown}
 p - a potion of flight {unknown}
 t - 3 potions of might {unknown}
 w - 5 potions of lignification {unknown}
 x - a potion of attraction {unknown}
 z - 5 potions of heal wounds {unknown}
 A - 3 potions of ambrosia {unknown}
Miscellaneous
 Q - a phial of floods


   Skills:
 + Level 4.2 Fighting
 + Level 8.7 Short Blades
 * Level 11.6 Dodging
 * Level 17.2 Stealth
 + Level 8.1 Spellcasting
 + Level 1.2 Hexes
 + Level 9.2 Summonings
 + Level 1.9 Air Magic


You had 15 spell levels left.
You knew the following spells:

 Your Spells              Type           Power      Damage    Failure   Level
a - Summon Small Mammal   Summ           100%       N/A       1%          1
b - Call Imp              Summ           52%        N/A       1%          2
c - Call Canine Familiar  Summ           52%        N/A       1%          3
d - Summon Guardian Gole  Hex/Summ       35%        N/A       2%          3
e - Summon Lightning Spi  Summ/Air       36%        N/A       6%          4

Your spell library contained the following spells:

 Spells                   Type           Power      Damage    Failure   Level
 Freeze                   Ice            36%        1d5       6%          1
 Kiss of Death            Conj/Necr      36%        2d8       6%          1
 Blink                    Tloc           18%        N/A       10%         2
 Sublimation of Blood     Necr           9%         N/A       10%         2
 Wereblood                Tmut           9%         N/A       10%         2
 Confusing Touch          Hex            15%        N/A       12%         3
 Kindle Blastsparks       Fire/Tloc/Air  24%        2d12      16%         3
 Frozen Ramparts          Ice            18%        1d3       19%         3
 Hailstorm                Conj/Ice       9%         3d4       19%         3
 Ignite Poison            Fire/Tmut/Pois 9%         N/A       19%         3
 Dispel Undead            Necr           9%         3d8       54%         4
 Manifold Assault         Tloc           9%         N/A       54%         4
 Sticky Flame             Conj/Fire      9%         2d3       54%         4
 Summon Hydra             Summ           26%        N/A       77%         7
 Freezing Cloud           Conj/Ice/Air   6%         6-21      80%         5
 Alistair's Intoxication  Tmut/Pois      6%         N/A       87%         5
 Borgnjor's Vile Clutch   Necr/Erth      4%         N/A       87%         5
 Dispersal                Tloc           4%         N/A       100%        6
 Eringya's Noxious Bog    Tmut/Pois      4%         N/A       100%        6
 Storm Form               Tmut/Air       7%         N/A       100%        7
 Disjunction              Tloc           4%         N/A       100%        8
 Ignition                 Fire           4%         3d4       100%        8


Dungeon Overview and Level Annotations

Branches:
Dungeon (13/15)            Temple (1/1) D:6             Orc (0/2) D:9
   Lair: D:8-11      Vaults: D:13-14

Altars:
Ashenzari
Cheibriados
Dithmenos
Elyvilon
Fedhas
Gozag
Hepliaklqana
Kikubaaqudgha
Makhleb
Nemelex Xobeh
Okawaru
Qazlal
Ru
Sif Muna
Trog
Uskayaw
Vehumet
Wu Jian
Xom
Yredelemnul
Zin
The Shining One

Shops:
D:9 =   D:10 [::

Annotations:
D:5 Dowan
D:12 Azrael


Innate Abilities, Weirdness & Mutations

You are small and have problems with some larger weapons.
You are completely attuned to the shadows.


Message History

The centaur warrior is moderately wounded.
Something closely misses you.
The centaur warrior hits you but does no damage.
The centaur warrior closely misses you.
You hit the centaur warrior but do no damage.
The centaur warrior is moderately wounded.
Something hits you. The centaur warrior hits you!
The centaur warrior completely misses you.
The centaur warrior barely misses you. The centaur warrior closely misses you.
You barely miss the centaur warrior.
The centaur warrior is moderately wounded.
Something completely misses you.
The centaur warrior completely misses you.
The centaur warrior kicks you but does no damage.
The centaur warrior barely misses you. The centaur warrior misses you.
You hit the centaur warrior but do no damage.
The centaur warrior is moderately wounded.
Your surroundings suddenly seem different.
A cyclops and an orc wizard come into view.
An efreet comes into view.
It is wielding a +2 scimitar of flaming.
The cyclops throws a large rock.
The large rock hits you!!!
Ouch! That really hurt!
* * * LOW HITPOINT WARNING * * *
You emit a cloud of dark smoke.
As you read the scroll of teleportation, it crumbles to dust.
You feel strangely unstable.
An orc comes into view. It is wielding a +0 short sword.
You feel better. The efreet completely misses you.
The cyclops throws a large rock.
The large rock completely misses you.
You feel better. The efreet gestures at you. The bolt of fire hits you!
* * * LOW HITPOINT WARNING * * *
The cyclops throws a large rock.
The large rock misses you.
You feel better.
An orc wizard comes into view. It is wielding a +0 dagger.
The efreet hits you with a +2 scimitar of flaming!
* * * LOW HITPOINT WARNING * * *
The efreet burns you!
You die...

###>..
#.... #...
###..###
.. ...
........
..#####...
.....###
#.§§#§..#
###..###
..§§§§..#
##....
°.§§@§#
#.###
#.CR###
#.# #..o
#.### ##.o
.. .. ##o
#.##.
.......
........
#......#
#.......


You could see a cyclops, an efreet, 2 orc wizards and an orc.

Vanquished Creatures
  2 hydras (D:13)
  An ogre mage (D:12)
  Erolcha (D:9)
  2 boulder beetles (D:12)
  A two-headed ogre (D:12)
  Sonja (D:11)
  A deep elf pyromancer (D:13)
  3 ugly things
  A manticore (D:11)
  A cyclops (D:9)
  2 molten gargoyles (D:9)
  2 kobold demonologists (D:11)
  3 trolls
  5 slime creatures (D:12)
  2 yaks (D:10)
  A wyvern (D:9)
  3 vampire mosquitoes (D:11)
  A basilisk (D:13)
  2 acid dragons
  3 hell hounds (D:12)
  2 sky beasts
  An ice beast (D:5)
  A black bear (D:8)
  15 centaurs
  3 phantoms
  6 kobold brigands
  A necrophage (D:6)
  A gnoll sergeant (D:7)
  4 bullfrogs
  2 scorpions
  8 wights
  6 killer bees
  A howler monkey (D:4)
  A hound (D:5)
  6 orc priests
  2 gnoll boudas (D:9)
  2 jellies
  5 iguanas
  Natasha (D:3)
  6 orc wizards
  5 adders
  4 gnolls
  A white imp (D:6)
  An ufetubus (D:4)
  2 dart slugs
  18 orcs
  4 bats
  6 endoplasms
  A giant cockroach (D:4)
  9 goblins
  5 hobgoblins
  4 jackals
  20 kobolds
  5 ball pythons
  3 frilled lizards
  A rat (D:3)
  A spectral goblin (D:2)
202 creatures vanquished.

Vanquished Creatures (collateral kills)
  2 two-headed ogres (D:12)
  An unseen horror (D:12)
  A kobold demonologist (D:9)
  A troll (D:11)
  Grinder (D:3)
  A slime creature (D:12)
  2 yaks (D:10)
  An acid dragon (D:11)
  An orc warrior (D:9)
  3 centaurs
  5 ogres
  A phantom (D:7)
  A kobold brigand (D:11)
  12 wights
  3 killer bees (D:13)
  A howler monkey (D:11)
  2 orc priests
  A jelly (D:7)
  Natasha (twice) (D:3)
  2 orc wizards
  4 gnolls
  2 adders
  A white imp (D:5)
  A worm (D:2)
  9 orcs
  2 endoplasms (D:1)
  2 giant cockroaches (D:1)
  2 goblins (D:1)
  A hobgoblin (D:1)
  10 jackals (D:2)
  A ball python (D:4)
  4 bats
  2 frilled lizards (D:1)
  7 kobolds
  A rat (D:1)
93 creatures vanquished.

Vanquished Creatures (others)
  3 wights
  2 kobolds (D:11)
  2 plants (D:13)
7 creatures vanquished.

Grand Total: 302 creatures vanquished

Notes
Turn   | Place    | Note
-------+----------+-------------------------------------------
     0 | D:1      | LnG the Kobold Summoner began the quest for the Orb.
     0 | D:1      | Reached XP level 1. HP: 10/10 MP: 3/3
   139 | D:1      | Reached XP level 2. HP: 15/15 MP: 1/5
   142 | D:1      | Learned a level 2 spell: Call Imp
   518 | D:1      | Reached skill level 3 in Stealth
   652 | D:1      | Reached XP level 3. HP: 19/19 MP: 6/6
   656 | D:1      | Learned a level 3 spell: Call Canine Familiar
  1432 | D:2      | Found a faded altar of an unknown god.
  1471 | D:2      | Reached XP level 4. HP: 24/24 MP: 2/7
  1602 | D:2      | Reached skill level 4 in Stealth
  1651 | D:2      | Identified the ring "Gumunt" {rElec EV+4}
  2572 | D:3      | Noticed Grinder
  2952 | D:3      | Noticed a +0 dagger
  2952 | D:3      | Noticed a +0 hand axe
  2953 | D:3      | Found a hide-covered altar of Uskayaw.
  2999 | D:3      | Found a radiant altar of Vehumet.
  2999 | D:3      | Found a basalt altar of Yredelemnul.
  3000 | D:3      | Found a hazy altar of Hepliaklqana.
  3000 | D:3      | Found an opulent altar of Gozag.
  3044 | D:3      | Noticed Natasha
  3050 | D:3      | Killed Natasha
  3051 | D:3      | Reached skill level 1 in Short Blades
  3051 | D:3      | Reached XP level 5. HP: 28/28 MP: 8/8
  3118 | D:3      | Reached skill level 5 in Stealth
  3128 | D:3      | Noticed Natasha
  3144 | D:3      | Killed Natasha
  3328 | D:4      | Found a sacrificial altar of Ru.
  3381 | D:4      | Reached XP level 6. HP: 32/32 MP: 9/9
  3385 | D:4      | Learned a level 3 spell: Summon Guardian Golem
  3406 | D:4      | Noticed an ogre
  3417 | D:4      | Killed an ogre
  3418 | D:4      | Reached skill level 6 in Stealth
  3642 | D:4      | Reached XP level 7. HP: 29/37 MP: 1/11
  3823 | D:3      | Noticed Natasha
  3847 | D:3      | Killed Natasha
  3848 | D:3      | Reached skill level 5 in Summonings
  3856 | D:3      | Paralysed by Grinder for 3 turns
  3887 | D:3      | Killed Grinder
  3888 | D:3      | Reached skill level 1 in Fighting
  3888 | D:3      | Reached skill level 7 in Stealth
  4032 | D:4      | You are sucked into a shaft and drop 2 floors!
  4044 | D:5      | Entered Level 5 of the Dungeon
  4058 | D:5      | Reached XP level 8. HP: 43/43 MP: 13/13
  4065 | D:5      | Learned a level 4 spell: Summon Lightning Spire
  4116 | D:5      | Reached skill level 5 in Dodging
  4116 | D:5      | Reached skill level 8 in Stealth
  4131 | D:5      | Noticed Dowan
  5068 | D:4      | Reached skill level 9 in Stealth
  5727 | D:5      | Reached XP level 9. HP: 39/48 MP: 11/15
  6209 | D:6      | Reached skill level 5 in Spellcasting
  6555 | D:6      | Found a staircase to the Ecumenical Temple.
  6562 | Temple   | Entered the Ecumenical Temple
  6759 | Temple   | Became a worshipper of Dithmenos the Shadowed
  7205 | D:7      | Reached skill level 10 in Stealth
  8329 | D:8      | Identified the +6 dagger of the World {freeze, rC+ Int+3
                  | Dex+4}
  8575 | D:8      | Reached XP level 10. HP: 38/55 MP: 9/18
  8587 | D:8      | Reached skill level 5 in Short Blades
  8842 | D:8      | Reached skill level 11 in Stealth
  9230 | D:8      | Reached skill level 1 in Hexes
  9342 | D:8      | Reached * piety under Dithmenos
  9769 | D:9      | Found a staircase to the Orcish Mines.
  9822 | D:9      | Noticed a molten gargoyle
  9825 | D:9      | Noticed a molten gargoyle
  9826 | D:9      | Killed a molten gargoyle
  9843 | D:9      | Killed a molten gargoyle
  9945 | D:9      | Noticed a kobold demonologist
  9956 | D:9      | Noticed a rust devil
  9957 | D:9      | Killed a kobold demonologist
 10134 | D:9      | Noticed a cyclops
 10138 | D:9      | Killed a cyclops
 10139 | D:9      | Reached skill level 12 in Stealth
 10139 | D:9      | Reached XP level 11. HP: 60/60 MP: 19/21
 10260 | D:9      | Found Pen Adan's Jewellery Shop.
 10263 | D:9      | Bought an amulet of guardian spirit for 450 gold pieces
 10343 | D:9      | Noticed Erolcha
 10347 | D:9      | Killed Erolcha
 10348 | D:9      | Reached skill level 13 in Stealth
 10491 | D:10     | Entered Level 10 of the Dungeon
 10492 | D:10     | Reached ** piety under Dithmenos
 10550 | D:10     | Found Ridoerph's Book Shop.
 10782 | D:10     | Found Godwante's Book Shoppe.
 10787 | D:10     | Found Adis's Antique Armour Emporium.
 10854 | D:10     | Reached skill level 14 in Stealth
 11043 | D:10     | Found an iron altar of Okawaru.
 11529 | D:11     | Noticed a manticore
 11533 | D:11     | Killed a manticore
 11578 | D:11     | Reached skill level 10 in Dodging
 11675 | D:11     | Reached *** piety under Dithmenos
 11759 | D:11     | Noticed Sonja
 11951 | D:11     | Killed Sonja
 11978 | D:11     | Reached skill level 1 in Air Magic
 11983 | D:11     | Reached XP level 12. HP: 53/64 MP: 0/22
 12592 | D:12     | Noticed a boulder beetle
 12625 | D:12     | Killed a boulder beetle
 12626 | D:12     | Reached skill level 15 in Stealth
 13057 | D:12     | Noticed a boulder beetle
 13071 | D:12     | Killed a boulder beetle
 13198 | D:12     | Noticed a two-headed ogre
 13201 | D:12     | Noticed an ogre mage
 13201 | D:12     | Noticed a two-headed ogre
 13202 | D:12     | Killed a two-headed ogre
 13203 | D:12     | Reached skill level 16 in Stealth
 13203 | D:12     | Noticed a two-headed ogre
 13283 | D:12     | Killed a two-headed ogre
 13287 | D:12     | Killed a two-headed ogre
 13290 | D:12     | Killed an ogre mage
 13290 | D:12     | Reached **** piety under Dithmenos
 13461 | D:13     | Noticed an eight-headed hydra
 13465 | D:13     | Killed an eight-headed hydra
 13482 | D:13     | Noticed a six-headed hydra
 13485 | D:13     | Killed a six-headed hydra
 13486 | D:13     | Reached skill level 17 in Stealth
 13486 | D:13     | Reached XP level 13. HP: 70/70 MP: 25/25
 13571 | D:10     | Bought a book of Blood for 336 gold pieces
 13614 | D:12     | Noticed Azrael
 13728 | D:13     | Noticed a centaur warrior
 13729 | D:13     | Noticed a centaur warrior
 13733 | D:13     | Noticed a centaur warrior
 13747 | D:13     | HP: 3/70 [cyclops/large rock (38)]
 13751 | D:13     | Slain by an efreet

Illustrated notes

Levels and vault maps discovered:
D:1:      dpeg_arrival_shelter, layout_loops_corners, minmay_misc_feat_chi
D:2:      layout_loops_corners, dreamdust_ecumenical_altar_drowned_temple,
          palyth_stone_intersect
D:3:      layout_loops_ring, mainiacjoe_overflow_alcove_3,
          dancing_weapons_uskayaw, minmay_starry_boxes, uniq_natasha,
          uniq_grinder
D:4:      layout_rooms, lemuel_round_altar, st_stairs_2
D:5:      layout_basic, grunt_ministairs_15, uniq_duvessa
D:6:      layout_basic, minmay_temple_entry_statues_fountains, st_stairs_13
D:7:      layout_rooms
D:8:      layout_cave_pods
D:9:      kennysheep_blocky_room, layout_basic, lair_entry_dummy, serial_shops,
          nicolae_shop_trees, kennysheep_mini_moat, shop, minivault_8,
          uniq_erolcha
D:10:     layout_rooms, okawaru_altar_gauntlet_db, serial_shops,
          nicolae_square_shop, shop, shop
D:11:     minmay_spotlight, layout_cave_pools, uniq_sonja
D:12:     layout_loops_ring, uniq_azrael
D:13:     regret_index_wax_grids, layout_rooms
Temple:   nicolae_temple_bog_church

Skill      XL: |  1  2  3  4  5  6  7  8  9 10 11 12 |
---------------+-------------------------------------+-----
Stealth        | 3 4 5 6 7 9 10 12 14 17 | 17.2
Dodging        | 3 4 5 7 8 10 11 | 11.6
Short Blades   | 1 2 3 4 6 7 8 |  8.7
Spellcasting   | 3 4 5 6 7 8 |  8.1
Summonings     | 5 6 8 9 |  9.2
Fighting       | 1 2 3 4 |  4.2
Hexes          | 1 |  1.2
Air Magic      | 1 |  1.9

Action                   |  1- 3 |  4- 6 |  7- 9 | 10-12 | 13-15 || total
-------------------------+-------+-------+-------+-------+-------++-------
Melee: Dagger            |    52 |    91 |   108 |   346 |    16 ||   613
       Punch             |     1 |     1 |     9 |     4 |       ||    15
       Short sword       |       |       |   108 |       |       ||   108
       Rapier            |       |       |    54 |       |       ||    54
 Cast: Summon Small Mamm |    15 |       |     9 |     6 |       ||    30
       Call Imp          |     4 |     7 |    13 |    10 |       ||    34
       Call Canine Famil |     1 |     6 |    31 |    28 |     1 ||    67
       Summon Guardian G |       |     1 |     3 |     3 |       ||     7
       Summon Lightning  |       |       |       |    11 |     1 ||    12
  Use: Scroll            |       |     2 |    11 |     4 |     2 ||    19
       Potion            |       |       |     1 |       |     3 ||     4
 Stab: Sleeping          |    13 |    14 |    23 |    45 |     2 ||    97
       Distracted        |       |     1 |     5 |     5 |     1 ||    12
       Betrayed ally     |       |       |       |     1 |       ||     1
Armor: Robe              |    19 |    11 |    43 |    47 |     7 ||   127
Dodge: Dodged            |    50 |    95 |   277 |   466 |    50 ||   938

Table legend: (Time is in decaauts)
 A = Elapsed time spent in this place.
 B = Non-inter-level travel time spent in this place.
 C = Inter-level travel time spent in this place.
 D = Time resting spent in this place.
 E = Time spent auto-exploring this place.
 F = Levels seen in this place.
 G = Mean time per level.
                   A        B        C        D        E       F      G
               +--------+--------+--------+--------+--------+-----+--------+
         Total |  13568 |  12826 |    742 |   1578 |   7377 |  14 |  969.1 |
       Dungeon |  13358 |  12634 |    724 |   1578 |   7201 |  13 | 1027.5 |
        Temple |    209 |    191 |     18 |      0 |    176 |   1 |  209.0 |
               +--------+--------+--------+--------+--------+-----+--------+

Top non-repeatable levels by time:
     D:2: 1376 daAuts
     D:1: 1340 daAuts
     D:8: 1297 daAuts
     D:5: 1280 daAuts
    D:11: 1107 daAuts
    D:12: 1061 daAuts
     D:4: 1018 daAuts
     D:7: 1012 daAuts
     D:9: 1003 daAuts
     D:3: 986 daAuts
     D:6: 907 daAuts
    D:10: 779 daAuts
  Temple: 209 daAuts
    D:13: 187 daAuts
